 Dungeon Crawl Stone Soup version 0.21-a0-437-ge5bf024 (webtiles) character file.

8 torrenera the Slasher (level 2, -3/24 HPs)
             Began as a Demonspawn Monk on Nov 9, 2017.
             Slain by a gnoll
             ... wielding a +0 spear
              (12 damage)
             ... on level 1 of the Dungeon.
             The game lasted 00:00:54 (616 turns).

torrenera the Slasher (Demonspawn Monk)              Turns: 616, Time: 00:00:54

Health: -3/24      AC:  2    Str: 11    XL:     2   Next: 0%
Magic:  2/2        EV: 13    Int: 11    God:
Gold:   17         SH:  0    Dex: 15    Spells: 1/1 levels left

rFire    . . .     SeeInvis .   g - +0 dagger
rCold    . . .     Gourm    .   (no shield)
rNeg     . . .     Faith    .   b - +0 robe
rPois    .         Spirit   .   (no helmet)
rElec    .         Reflect  .   (no cloak)
rCorr    .         Harm     .   (no gloves)
MR       .....                  (no boots)
Stlth    +++.......             (no amulet)
HPRegen  0.08/turn              (no ring)
MPRegen  0.08/turn              (no ring)

@: no status effects
A: nightstalker 1
a: no special abilities


You were on level 1 of the Dungeon.
You were not hungry.

You visited 1 branch of the dungeon, and saw 1 of its levels.

You collected 17 gold pieces.

Inventory:

Hand Weapons
 a - a +0 falchion
 g - a +0 dagger (weapon)
Missiles
 d - 18 stones (quivered)
Armour
 b - a +0 robe (worn)
Scrolls
 e - a scroll of magic mapping {unknown}
 h - a scroll of identify {unknown}
Comestibles
 c - 2 bread rations
 f - 3 chunks of flesh


   Skills:
 - Level 3.0 Fighting
 - Level 3.2 Long Blades
 - Level 2.6 Dodging
 - Level 1.7 Stealth


You had one spell level left.
You didn't know any spells.

Dungeon Overview and Level Annotations

Branches:
Dungeon (1/15)

Altars:


Innate Abilities, Weirdness & Mutations

You are slightly more attuned to the shadows.


Message History

The dart slug launches a dart at you. The slug dart misses you.
You closely miss the goblin. The goblin hits you but does no damage.
You barely miss the goblin. The goblin closely misses you.
You see here 18 stones.
The goblin barely misses you.
You barely miss the goblin. The goblin barely misses you.
You hit the goblin but do no damage. The goblin hits you.
You hit the goblin.
The goblin is heavily wounded.
The gnoll barely misses you. The goblin barely misses you.
You closely miss the goblin.
The goblin is heavily wounded.
The gnoll hits you from afar with a spear!
You hit the goblin.
The goblin is severely wounded.
The goblin misses you.
The gnoll hits you from afar with a spear!
Ouch! That really hurt!
You die...

##....... #..... ##......
#....# ......# #....#
......# #....##
w.....############.....#
............g...##.....#
......#########g##....)#
......# #g##.....# ......#
#.@...##.##
######################..#
.'.....<.....'........#.#
##############.######.#..#
#.................#.##.#
#.......####.####.#.# ..
#.......# #.# #.#.# #..
#.......# #.# #.#.# .>.
#.......# #.# #.#.# #.#.


You could see a gnoll and a goblin.

Vanquished Creatures
  A worm (D:1)
  A leopard gecko (D:1)
  A goblin (D:1)
  A bat (D:1)
  A frilled lizard (D:1)
5 creatures vanquished.

Notes
Turn   | Place    | Note
-------+----------+-------------------------------------------
     0 | D:1      | torrenera the Demonspawn Monk began the quest for the Orb.
     0 | D:1      | Reached XP level 1. HP: 18/18 MP: 1/1
   553 | D:1      | Gained mutation: You are slightly more attuned to the shadows. [demonic ancestry]
   553 | D:1      | Reached XP level 2. HP: 19/24 MP: 2/2
   616 | D:1      | Slain by a gnoll

Vault maps used:
D:1:      evilmike_arrival_run_for_it

Skill      XL: |  1 |
---------------+----+-----
Long Blades    | 3 |  3.2
Fighting       | |  3.0
Dodging        | |  2.6
Stealth        | |  1.7

Action                   || total
-------------------------++-------
Melee: Falchion          ||    18
       Dagger            ||     7
 Stab: Sleeping          ||     3
Armor: Robe              ||     1
Dodge: Dodged            ||    11
       Rpst.: Falchion   ||     2

Table legend:
 A = Spawn XP
 B = Non-spawn XP
 C = Spawn XP percentage of total XP
 D = Spawn monster count
 E = Non-spawn monster count
 F = Spawn count percentage of total count
 G = Total turns spent on level
                    A         B        C        D         E        F      G
               +---------+---------+-------+---------+---------+-------+---------
         Total |       0 |      12 |   0.0 |       0 |       5 |   0.0 |   616
               +---------+---------+-------+---------+---------+-------+---------
           D:1 |       0 |      12 |   0.0 |       0 |       5 |   0.0 |   616
               +---------+---------+-------+---------+---------+-------+---------
